 Dungeon Crawl Stone Soup version 0.25-a0-184-gcd15a05269 (webtiles) character file.

Game seed: 3710635653153187419, levelgen mode: deterministic

455 Gargoyl the Chopper (level 6, -3/52 HPs)
             Began as a Centaur Abyssal Knight on Nov 27, 2019.
             Was a Priest of Lugonu.
             Killed by nerve-wracking pain
             ... invoked by Menkaure
              (10 damage)
             ... on level 4 of the Dungeon.
             The game lasted 00:05:27 (3072 turns).

Gargoyl the Chopper (Centaur Abyssal Knight)        Turns: 3072, Time: 00:05:28

Health: -3/52      AC: 18    Str: 22    XL:     6   Next: 76%
Magic:  8/8        EV:  5    Int: 11    God:    Lugonu [***...]
Gold:   192        SH:  3    Dex:  9    Spells: 5/5 levels left

rFire    + . .     SeeInvis .   a - +1 hand axe
rCold    . . .     Gourm    .   t - +0 buckler (curse)
rNeg     . . .     Faith    .   h - +4 chain mail of Vlad {+Fly Str+6}
rPois    .         Spirit   .   v - +0 helmet
rElec    .         Reflect  .   n - +0 cloak
rCorr    .         Harm     .   m - +0 pair of gloves
MR       .....                  (no barding)
Stlth    ..........             (no amulet)
HPRegen  0.17/turn              o - ring of protection from fire
MPRegen  0.11/turn              f - +3 ring of protection

@: very quick
A: large, hooves 3, deformed body, speed 2, tough skin 3
a: Depart the Abyss, Bend Space, Banish, Renounce Religion, Evoke Flight


You were on level 4 of the Dungeon.
You worshipped Lugonu.
Lugonu was most pleased with you.
You were not hungry.

You visited 1 branch of the dungeon, and saw 4 of its levels.
You visited the Abyss 1 time.

You collected 192 gold pieces.

Inventory:

Hand Weapons
 a - a +1 hand axe (weapon)
Armour
 h - the +4 chain mail of Vlad (worn) {+Fly Str+6}
   (You found it on level 2 of the Abyss)

   It affects your strength (+6).
   It lets you fly.
 m - a +0 pair of gloves (worn)
 n - a +0 cloak (worn)
 t - a cursed +0 buckler (worn)
 v - a +0 helmet (worn)
Jewellery
 e - an uncursed ring of see invisible
 f - a +3 ring of protection (right hand)
 o - a ring of protection from fire (left hand)
Wands
 d - a wand of clouds (5)
 g - a wand of acid (10)
 u - a wand of random effects (14)
Scrolls
 b - 2 scrolls of fog {unknown}
 i - 2 scrolls of amnesia {unknown}
 q - 2 scrolls of remove curse {unknown}
 r - 2 scrolls of immolation {unknown}
Potions
 j - a potion of heal wounds {unknown}
 k - 2 potions of cancellation
 l - a potion of berserk rage {unknown}
 p - a potion of might {unknown}
 s - 2 potions of flight {unknown}
 x - a potion of curing {unknown}
 z - a potion of brilliance {unknown}
Comestibles
 c - 7 rations
 w - 2 chunks of flesh


   Skills:
 + Level 3.9 Fighting
 + Level 4.2 Axes
 * Level 2.8 Armour
 * Level 1.9 Dodging
 + Level 0.2 Shields
 * Level 3.3 Invocations


You had 5 spell levels left.
You didn't know any spells.
Your spell library was empty.

Dungeon Overview and Level Annotations

Branches:
Dungeon (4/15)
 Temple: D:4-7

Altars:
Uskayaw
Xom
Zin

Annotations:
D:4 Menkaure


Innate Abilities, Weirdness & Mutations

You have hooves in place of feet.
Armour fits poorly on your strangely shaped body.
You cover ground very quickly.
You have extremely tough skin. (AC +3)


Message History

Your body is wracked with pain!
Unknown command.
Your shield and chain mail of Vlad prevent you from hitting Menkaure.
Your kick misses Menkaure.
Menkaure is almost destroyed.
You hit the crimson imp.
The crimson imp hits you but does no damage.
Menkaure gestures wildly while chanting.
Menkaure seems to speed up.
You hit Menkaure but do no damage.
Menkaure is almost destroyed.
Your chain mail of Vlad prevents you from hitting the crimson imp.
The crimson imp barely misses you. Menkaure hits you!
* * * LOW HITPOINT WARNING * * *
The crimson imp hits you.
* * * LOW HITPOINT WARNING * * *
It was a potion of cancellation.
You feel magically purged.
Menkaure points at you and mumbles some strange words.
Pain shoots through your body!
You die...

#.....###..#....#.........
#.....#...............###.
#....>'...................
#.....#...................
###...........#.##........
#...?....##.#. .........
#..###......# ...#.... #.)
#..###.# ...#..#. #.. #5@#
.. .. ..... #......M# .
...... #........
.......... ###....#### ..
#.... .. ##### .. #. #


You could see Menkaure and a crimson imp.

Vanquished Creatures
  A phantom (D:4)
  A howler monkey (D:4)
  A bullfrog skeleton (D:4)
  2 orc priests (D:3)
  A worker ant (D:4)
  An iguana (D:3)
  Robin (D:3)
  4 adders
  3 gnolls (D:3)
  3 oozes
  2 worms
  3 dart slugs
  2 leopard geckos
  3 orcs (D:3)
  5 bats
  6 giant cockroaches
  18 goblins
  12 hobgoblins
  4 jackals (D:2)
  6 kobolds
  A quokka (D:3)
  6 frilled lizards
  A jackal skeleton (D:4)
  A quokka skeleton (D:4)
  9 rats
97 creatures vanquished.

Notes
Turn   | Place    | Note
-------+----------+-------------------------------------------
     0 | Abyss:1  | Gargoyl the Centaur Abyssal Knight began the quest for the
                  | Orb.
     0 | Abyss:1  | Reached XP level 1. HP: 19/19 MP: 2/2
    47 | Abyss:2  | Noticed a starcursed mass
    48 | Abyss:2  | Noticed a bone dragon
    52 | Abyss:2  | Got a smelly chain mail
    78 | Abyss:3  | Identified the +4 chain mail of Vlad {+Fly Str+6} (You
                  | found it on level 2 of the Abyss)
    94 | Abyss:3  | Noticed a smoke demon
    94 | D:1      | Escaped the Abyss
   246 | D:1      | Reached * piety under Lugonu
   283 | D:1      | Reached XP level 2. HP: 26/26 MP: 3/3
   351 | D:1      | Reached skill level 2 in Axes
   384 | D:1      | Reached skill level 1 in Dodging
   416 | D:1      | Reached XP level 3. HP: 31/31 MP: 4/4
   863 | D:2      | Reached ** piety under Lugonu
   881 | D:2      | Noticed a +0 hand axe
   882 | D:2      | Found a hide-covered altar of Uskayaw.
   882 | D:2      | Noticed a +0 dagger
   887 | D:2      | Reached XP level 4. HP: 37/38 MP: 5/5
  1353 | D:3      | Found a shimmering altar of Xom.
  1353 | D:3      | Found a shimmering altar of Xom.
  1353 | D:3      | Found a shimmering altar of Xom.
  1355 | D:3      | Found a shimmering altar of Xom.
  1384 | D:3      | Found a shimmering altar of Xom.
  1442 | D:3      | Found a shimmering altar of Xom.
  1442 | D:3      | Found a shimmering altar of Xom.
  1551 | D:3      | Found a glowing silver altar of Zin.
  1755 | D:3      | Reached skill level 3 in Axes
  1755 | D:3      | Reached XP level 5. HP: 32/46 MP: 7/7
  2264 | D:3      | Noticed Robin
  2279 | D:3      | Killed Robin
  2358 | D:3      | Reached *** piety under Lugonu
  2454 | D:3      | Reached XP level 6. HP: 52/52 MP: 8/8
  2764 | D:4      | Reached skill level 4 in Axes
  3060 | D:4      | Noticed Menkaure
  3072 | D:4      | Killed from afar by Menkaure

Levels and vault maps discovered:
D:1:      saegor_arrival_simple_e, layout_rooms, minmay_crystal_water,
          st_stairs_11, corexii_hall_statues_i
D:2:      minmay_recursive_quarters, layout_rooms, dancing_weapons_uskayaw
D:3:      layout_basic, nicolae_xom_altar_mimics, lemuel_crystal_altar,
          first_ration, uniq_robin
D:4:      layout_basic, kennysheep_generic_room_11, uniq_menkaure

Skill      XL: |  1  2  3  4  5  6 |
---------------+-------------------+-----
Axes           | 2 3 4 |  4.2
Dodging        | 1 |  1.9
Armour         | 2 |  2.8
Invocations    | 3 |  3.3
Fighting       | |  3.9
Shields        | |  0.2

Action                   |  1- 3 |  4- 6 || total
-------------------------+-------+-------++-------
Melee: Hand axe          |    86 |   168 ||   254
       Kick              |    18 |    40 ||    58
Invok: Depart the Abyss  |     1 |       ||     1
  Use: Scroll            |     3 |       ||     3
       Potion            |       |     1 ||     1
  Eat: Chunk             |       |     5 ||     5
Armor: Chain mail        |    76 |   116 ||   192
Dodge: Dodged            |    21 |    46 ||    67
Block: Buckler           |       |     8 ||     8

Table legend:
 A = Non-vault XP
 B = Vault XP
 C = Vault XP percentage of total XP
 D = Non-vault monster count
 E = Vault monster count
 F = Vault count percentage of total count
                 A         B        C        D         E       F
            +---------+---------+-------+---------+---------+-------
      Total |     604 |      46 |   7.1 |      79 |      18 |  18.6
            +---------+---------+-------+---------+---------+-------
        D:1 |      45 |       5 |  10.0 |      23 |       3 |  11.5
        D:2 |      80 |       6 |   7.0 |      23 |       3 |  11.5
        D:3 |     211 |      35 |  14.2 |      26 |      12 |  31.6
        D:4 |     268 |       0 |   0.0 |       7 |       0 |   0.0
            +---------+---------+-------+---------+---------+-------
